 Dungeon Crawl Stone Soup version 0.29-a0-1027-gcd8c55af63 (webtiles) character file.

Game seed: 5382652144665803439

2 Newt the Trooper (level 1, -2/18 HPs)
             Began as a Demonspawn Berserker on Aug 12, 2022.
             Was a Follower of Trog.
             Slain by a hobgoblin (3 damage)
             ... on level 1 of the Dungeon.
             The game lasted 00:00:17 (255 turns).

Newt the Trooper (Demonspawn Berserker)              Turns: 255, Time: 00:00:18

Health: -2/18      AC:  2    Str: 17    XL:     1   Next: 33%
Magic:  1/1        EV: 12    Int:  8    God:    Trog [*.....]
Gold:   57         SH:  0    Dex: 12    Spells: 0/0 levels left

rFire   . . .      SeeInvis .   a - +0 hand axe
rCold   . . .      Faith    .   (no shield)
rNeg    . . .      Spirit   .   b - +0 animal skin
rPois   .          Reflect  .   (no helmet)
rElec   .          Harm     .   (no cloak)
rCorr   .          Rampage  .   (no gloves)
Will    .....                   (no boots)
Stlth   +.........              (no amulet)
HPRegen 0.06/turn               (no ring)
MPRegen 0.07/turn               (no ring)

@: no status effects
A: no striking features
a: Renounce Religion, Berserk


You were on level 1 of the Dungeon.
You worshipped Trog.
Trog was aware of your devotion.
You visited 1 branch of the dungeon, and saw 1 of its levels.

You collected 57 gold pieces.

Inventory:

Hand Weapons
 a - a +0 hand axe (weapon)
Armour
 b - a +0 animal skin (worn)
Scrolls
 c - a scroll of identify {unknown}
 d - a scroll of blinking {unknown}


   Skills:
 - Level 3.0 Fighting
 + Level 2.9 Axes
 - Level 1.7 Armour
 - Level 1.7 Dodging


You couldn't memorise any spells.
You didn't know any spells.
Your spell library was empty.

Dungeon Overview and Level Annotations

Branches:
Dungeon (1/15)

Altars:


Message History

No target in view!
c - a scroll labelled KEUT XEGEH
d - a scroll labelled NAL IMEHEGH You open the door. 2 hobgoblins come into view.
The hobgoblin shouts! x2
You hit the hobgoblin but do no damage. You hit the hobgoblin but do no damage.
The hobgoblin misses you.
You closely miss the hobgoblin. x2; The hobgoblin hits you.
The hobgoblin completely misses you. The hobgoblin hits you. x2
You are too injured to fight recklessly!
You are too injured to fight recklessly!
You are too injured to fight recklessly!
Unknown command.
You hit the hobgoblin.
The hobgoblin is almost dead.
You completely miss the hobgoblin. The hobgoblin barely misses you.
The hobgoblin hits you but does no damage.
Unknown command.
You closely miss the hobgoblin. x2; The hobgoblin misses you.
The hobgoblin barely misses you.
Unknown command.
You hit the hobgoblin but do no damage.
The hobgoblin is almost dead.
You completely miss the hobgoblin. The hobgoblin completely misses you.
The hobgoblin hits you.
* * * LOW HITPOINT WARNING * * *
Unknown command.
You hit the hobgoblin but do no damage.
The hobgoblin is severely wounded.
You closely miss the hobgoblin.
The hobgoblin hits you but does no damage.
The hobgoblin hits you.
* * * LOW HITPOINT WARNING * * *
Unknown command.
You hit the hobgoblin.
You kill the hobgoblin!
Trog accepts your kill.
You barely miss the hobgoblin. The hobgoblin hits you.
You die...

... # #. #. ...#
..#.# #. .. #..# #
###.#.# #.
.##..###.#..... ##
......#.#.#.########
.....#.............
... ###.#.########
###†#####.#.#
##..@g..##.#.#
#........#.#.#
######..[.....#.#.#
#.............#.#.#
#.............#.#.#
#.............#.#.#
#............##.#.##
#............##....#
#..................#


You could see a hobgoblin.

Vanquished Creatures
  An endoplasm (D:1)
  A giant cockroach (D:1)
  A hobgoblin (D:1)
3 creatures vanquished.

Notes
Turn   | Place    | Note
-------+----------+-------------------------------------------
     0 | D:1      | Newt the Demonspawn Berserker began the quest for the Orb.
     0 | D:1      | Reached XP level 1. HP: 18/18 MP: 1/1
   255 | D:1      | Slain by a hobgoblin

Illustrated notes

Levels and vault maps discovered:
D:1:      zaba_arrival_water, layout_basic, chequers_serial_rivers_micro_a

Action                   || total
-------------------------++-------
Melee: Hand axe          ||    15
Armor: Animal skin       ||     2
Dodge: Dodged            ||     8

Table legend: (Time is in decaauts)
 A = Elapsed time spent in this place.
 B = Non-inter-level travel time spent in this place.
 C = Inter-level travel time spent in this place.
 D = Time resting spent in this place.
 E = Time spent auto-exploring this place.
 F = Levels seen in this place.
 G = Mean time per level.
                   A        B        C        D        E       F      G
               +--------+--------+--------+--------+--------+-----+--------+
         Total |    263 |    263 |      0 |      0 |    232 |   1 |  263.0 |
       Dungeon |    263 |    263 |      0 |      0 |    232 |   1 |  263.0 |
               +--------+--------+--------+--------+--------+-----+--------+

Top non-repeatable levels by time:
     D:1: 263 daAuts
